 Dungeon Crawl Stone Soup version 0.19.4-9-g45fd643 (webtiles) character file.

116 oplop the Chiller (level 5, 0/34 HPs)
             Began as an Octopode Ice Elementalist on Feb 20, 2017.
             Slain by Terence
             ... wielding a +6 antimagic mace
              (11 damage)
             ... on level 3 of the Dungeon.
             The game lasted 00:04:33 (2333 turns).

oplop the Chiller (Octopode Ice Elementalist)       Turns: 2333, Time: 00:04:33

Health: 0/34       AC:  1    Str:  7    XL:     5   Next: 1%
Magic:  0/9        EV: 13    Int: 19    God:
Gold:   170        SH:  0    Dex: 12    Spells: 2 memorised, 6 levels left

rFire  . . .     SeeInvis .     d - +0 short sword
rCold  . . .     Gourm    .     (no shield)
rNeg   . . .     Faith    .     (helmet restricted)
rPois  .         Spirit   .     (no amulet)
rElec  .         Reflect  .     (no ring)
rCorr  .         Harm     .     (no ring)
MR     .....                    (no ring)
Stlth  +++.......               (no ring)
                                (no ring)
                                (no ring)
                                (no ring)
                                (no ring)

@: no status effects
A: almost no armour, stealthy swim, amphibious, 8 rings, constrict 8, camouflage
1, gelatinous body 1
a: no special abilities


You were on level 3 of the Dungeon.
You were hungry.

You visited 1 branch of the dungeon, and saw 3 of its levels.

You collected 170 gold pieces.

Inventory:

Hand Weapons
 d - a +0 short sword (weapon)
Jewellery
 q - an uncursed ring of protection from cold {unknown}
Scrolls
 e - a scroll of enchant weapon {unknown}
 f - a scroll of enchant armour {unknown}
 h - 4 scrolls of identify {unknown}
 j - a scroll of fear {unknown}
 k - a scroll of recharging {unknown}
 l - 4 scrolls of remove curse {unknown}
 m - a scroll of noise {unknown}
 o - 2 scrolls of teleportation {unknown}
Potions
 g - 2 potions of mutation {unknown}
 n - a potion of cancellation {unknown}
Books
 a - a book of Frost

   Spells                             Type                      Level
   a - Freeze                         Ice                          1
   b - Throw Frost                    Conjuration/Ice              2
   c - Ozocubu's Armour               Charms/Ice                   3
   d - Throw Icicle                   Conjuration/Ice              4
   e - Summon Ice Beast               Ice/Summoning                4
Comestibles
 b - 4 bread rations
 c - 2 meat rations
 i - a royal jelly


   Skills:
 + Level 1.9 Fighting
 - Level 2.0 Dodging
 - Level 2.6 Stealth
 * Level 3.2 Spellcasting
   Level 1.0 Conjurations
 * Level 4.1 Ice Magic


You had 6 spell levels left.
You knew the following spells:

 Your Spells              Type           Power        Failure   Level  Hunger
a - Freeze                Ice            ###.         3%          1    None
b - Ozocubu's Armour      Chrm/Ice       ##......     21%         3    ###....


Dungeon Overview and Level Annotations

Branches:
Dungeon (3/15)

Altars:

Annotations:
D:2 1 runed door
D:3 Sigmund, Terence


Innate Abilities, Weirdness & Mutations

You cannot wear most types of armour.
You are very stealthy in the water. (Stealth+)
You are amphibious.
You can wear up to eight rings at the same time.
You can use your tentacles to constrict eight enemies at once.
Your skin changes colour to match your surroundings (Stealth+).
Your rubbery body absorbs attacks. (AC +1, EV +1)


Message History

Aiming: Freeze
Press: ? - help, Shift-Dir - straight line, f - Terence
Aim: Terence, wielding an antimagic mace and wearing a chain mail You freeze Terence.
Terence is lightly wounded.
Terence hits you with an antimagic mace.
Casting: Freeze
Confirm with . or Enter, or press ? or * to list all spells.
Aiming: Freeze
Press: ? - help, Shift-Dir - straight line, f/p - Terence
Aim: Terence, wielding an antimagic mace and wearing a chain mail (lightly wounded)
You freeze Terence.
Terence is moderately wounded.
Terence hits you with an antimagic mace!
You feel your power leaking away.
Casting: Freeze
Confirm with . or Enter, or press ? or * to list all spells.
You don't have enough magic to cast that spell.
Terence hits you with an antimagic mace!
You die...

######### #.......#
##############.#####.#
#.......##.....# #.#
#.#####.#......# #.# #.#
#<#.####.# #.# #######.#
#.#....#.# #.###### ........#
###.####.#># #.#.....
###########.....@..#.#
#....... # #......<.(...#@.#.#
#....... #
#.######.#.#.#..#.#####.......
# #.# #.#.#.#..#.............
# #.# #.#..[#..#######.#.####
# #.# ##.#####..#.......#.# #
#.# #.................#.# #
#.# #..####.............# #
#.# #..#......#######.###


You could see Terence.

Vanquished Creatures
  Jessica (D:3)
  4 adders
  3 worms
  A dart slug (D:1)
  A leopard gecko (D:2)
  2 giant cockroaches
  3 goblins (D:2)
  2 hobgoblins
  9 jackals
  8 kobolds
  2 bats
  8 frilled lizards
  2 rats
46 creatures vanquished.

Notes
Turn   | Place    | Note
-------+----------+-------------------------------------------
     0 | D:1      | oplop the Octopode Ice Elementalist began the quest for the Orb.
     0 | D:1      | Reached XP level 1. HP: 11/11 MP: 3/3
   224 | D:1      | Reached XP level 2. HP: 9/18 MP: 1/5
   320 | D:1      | Reached skill level 1 in Fighting
   660 | D:1      | Reached XP level 3. HP: 10/23 MP: 6/6
  1213 | D:2      | Found a runed door.
  1399 | D:2      | Reached XP level 4. HP: 28/28 MP: 8/8
  2006 | D:3      | Learned a level 3 spell: Ozocubu's Armour
  2027 | D:3      | Noticed Jessica
  2036 | D:3      | Killed Jessica
  2036 | D:3      | Reached skill level 4 in Ice Magic
  2186 | D:3      | Noticed Sigmund
  2189 | D:3      | Reached XP level 5. HP: 34/34 MP: 9/9
  2316 | D:3      | Noticed Terence
  2333 | D:3      | Slain by Terence

Skill      XL: |  1  2  3  4 |
---------------+-------------+-----
Fighting       | 1 |  1.9
Spellcasting   | 3 |  3.2
Ice Magic      | 4 |  4.1
Dodging        | |  2.0
Stealth        | |  2.6
Conjurations   | |  1.0

Action                   |  1- 3 |  4- 6 || total
-------------------------+-------+-------++-------
Melee: Unarmed           |    17 |       ||    17
       Constrict         |    20 |     5 ||    25
       Tentacles         |     6 |     4 ||    10
       Short sword       |    50 |    19 ||    69
 Cast: Freeze            |    13 |    10 ||    23
  Use: Scroll            |     1 |       ||     1
       Potion            |     2 |       ||     2
 Stab: Sleeping          |    10 |     4 ||    14
  Eat: Chunk             |     1 |     3 ||     4
Armor: Skin              |     7 |     2 ||     9
Dodge: Dodged            |    43 |    27 ||    70
